 Dungeon Crawl Stone Soup version 0.20-a0-263-g81abdfb (webtiles) character file.

165 Coron the Ruffian (level 5, 0/44 HPs)
             Began as a Deep Dwarf Transmuter on Dec 5, 2016.
             Was an Initiate of Trog.
             Slain by a gnoll
             ... wielding a +0 halberd
              (10 damage)
             ... on level 3 of the Dungeon.
             The game lasted 00:10:12 (2075 turns).

Coron the Ruffian (Deep Dwarf Transmuter)           Turns: 2075, Time: 00:10:13

Health: 0/44       AC:  8    Str: 14    XL:     5   Next: 22%
Magic:  8/8        EV: 11    Int: 14    God:    Trog [......]
Gold:   148        SH:  0    Dex: 13    Spells: 5/8 levels left

rFire  . . .     SeeInvis .     q - +0 flail
rCold  . . .     Gourm    .     g - +0 ring mail
rNeg   . . .     Faith    .     (no shield)
rPois  .         Spirit   .     (no helmet)
rElec  .         Reflect  .     v - +0 cloak
rCorr  .         Harm     .     s - +0 pair of gloves
MR     .....                    (no boots)
Stlth  +.........               (no amulet)
                                (no ring)
                                (no ring)

@: non-regenerating
A: damage resistance, recharge devices, sense surroundings 1, slow regeneration
3
a: Device Recharging, Burn Spellbooks, Renounce Religion


You were on level 3 of the Dungeon.
You worshipped Trog.
Trog was noncommittal.
You were not hungry.

You visited 1 branch of the dungeon, and saw 3 of its levels.

You collected 148 gold pieces.

Inventory:

Hand Weapons
 q - a +0 flail (weapon)
Missiles
 a - 39 arrows
 o - 10 tomahawks (quivered)
Armour
 e - a +0 leather armour
 g - a +0 ring mail (worn)
 l - a +0 chain mail
 r - a +0 scale mail
 s - a +0 pair of gloves (worn)
 u - a +0 chain mail
 v - a +0 cloak (worn)
Wands
 d - a wand of heal wounds (5/9)
 n - a wand of random effects (19/48)
Scrolls
 b - 3 scrolls of remove curse
 i - 4 scrolls of identify
 m - a scroll of recharging
 t - a scroll of amnesia {unknown}
Potions
 c - a potion of beneficial mutation {unknown}
 h - a potion of brilliance
 j - a potion of haste {unknown}
 k - a potion of agility {unknown}
Comestibles
 f - 2 bread rations
 p - 13 chunks of flesh


   Skills:
 - Level 1.1 Fighting
 + Level 3.2 Armour
 - Level 2.2 Dodging
 - Level 3.4 Unarmed Combat
 - Level 2.0 Spellcasting
 - Level 3.0 Transmutations


You had 5 spell levels left.
You knew the following spells:

 Your Spells              Type           Power        Failure   Level  Hunger
a - Beastly Appendage     Tmut           #.....       14%         1    ##.....
b - Sticks to Snakes      Tmut           #.......     21%         2    ###....


Dungeon Overview and Level Annotations

Branches:
Dungeon (3/15)

Altars:
Ashenzari
Gozag
Kikubaaqudgha
Trog


Innate Abilities, Weirdness & Mutations

You are resistant to damage.
You can recharge devices by infusing magical energy.
You passively map a small area around you.
You do not regenerate.


Message History

The gnoll is severely wounded.
The gnoll hits you. The gnoll misses you. The gnoll barely misses you.
You completely miss the gnoll.
The gnoll is severely wounded.
The gnoll barely misses you.
The gnoll hits you from afar with a halberd.
You barely miss the gnoll.
The gnoll is severely wounded.
The gnoll hits you but does no damage.
The gnoll hits you from afar with a halberd.
You closely miss the gnoll.
The gnoll is severely wounded.
The gnoll closely misses you. The gnoll completely misses you.
The gnoll hits you.
* * * LOW HITPOINT WARNING * * *
You sock the gnoll!
You kill the gnoll!
Trog accepts your kill.
The gnoll hits you from afar with a halberd!
You die...

....
...#####.##.>.#
.# , ....
#.#.........#.# #
....
##.####.##.......
, ....
#.###.####. * *
....
#.###.####..#
....
#...........#
.... *
#####.####.# ####
,
*########.####.#
# #
.=..)g)@......#
### # , *
########.###..#
##≈≈ . ,* ..# *
,# #⌠≈. . * #.#
##≈. .. #.. , ,
#⌠≈§ ##*#.## ###
, ##≈≈ .##...#
#.#, , #≈###
....⌠.# #.# #≈≈§§
......# #.#***
####.


You could see a gnoll.

Vanquished Creatures
  A worker ant (D:3)
  7 gnolls
  3 leopard geckos
  10 orcs
  12 bats
  A giant cockroach (D:3)
  7 hobgoblins
  4 jackals
  7 kobolds (D:1)
  A quokka (D:2)
  4 frilled lizards
  7 goblins
  4 rats
68 creatures vanquished.

Vanquished Creatures (collateral kills)
  A bat (D:2)
1 creature vanquished.

Grand Total: 69 creatures vanquished

Notes
Turn   | Place    | Note
-------+----------+-------------------------------------------
     0 | D:1      | Coron the Deep Dwarf Transmuter began the quest for the Orb.
     0 | D:1      | Reached XP level 1. HP: 16/16 MP: 3/3
    52 | D:1      | Reached skill level 1 in Fighting
   217 | D:1      | Reached XP level 2. HP: 25/25 MP: 2/4
   529 | D:1      | Learned a level 2 spell: Sticks to Snakes
   788 | D:2      | Found an opulent altar of Gozag.
   799 | D:2      | Reached XP level 3. HP: 12/31 MP: 4/6
  1335 | D:2      | Reached XP level 4. HP: 26/38 MP: 0/7
  1599 | D:2      | Reached skill level 1 in Armour
  1642 | D:3      | Found a shattered altar of Ashenzari.
  1697 | D:3      | Found a bloodstained altar of Trog.
  1708 | D:3      | Became a worshipper of Trog the Wrathful
  1877 | D:3      | Found an ancient bone altar of Kikubaaqudgha.
  2068 | D:3      | Reached XP level 5. HP: 26/44 MP: 8/8
  2075 | D:3      | Slain by a gnoll

Vault maps used:
D:1:      dpeg_arrival_tiny_d
D:2:      overflow_temple_1_default, first_bread
D:3:      kiku_gazebo_pond_becter, lightli_temple_of_fire,
          hangedman_abyss_or_decor_lesser_grid, ashenzari_altar_1

Skill      XL: |  1  2  3  4  5 |
---------------+----------------+-----
Fighting       | 1 |  1.1
Unarmed Combat | 3 |  3.4
Spellcasting   | 2 |  2.0
Transmutations | 2 3 |  3.0
Armour         | 2 3 |  3.2
Dodging        | |  2.2

Action                   |  1- 3 |  4- 6 || total
-------------------------+-------+-------++-------
Melee: Unarmed           |   142 |       ||   142
       Kick              |    13 |     1 ||    14
       Headbutt          |     8 |     2 ||    10
       Punch             |     1 |     1 ||     2
       Flail             |       |   127 ||   127
Throw: Tomahawk          |       |     1 ||     1
 Cast: Beastly Appendage |    19 |     2 ||    21
       Sticks to Snakes  |     3 |       ||     3
Invok: Burn Spellbooks   |       |     1 ||     1
Evoke: Wand              |     4 |     2 ||     6
  Use: Scroll            |     2 |     1 ||     3
 Stab: Sleeping          |     1 |       ||     1
  Eat: Chunk             |     2 |     3 ||     5
Armor: Robe              |     5 |       ||     5
       Leather armour    |    25 |       ||    25
       Ring mail         |     8 |    75 ||    83
Dodge: Dodged            |    97 |   114 ||   211
